 Dungeon Crawl Stone Soup version 0.19.5 (webtiles) character file.

142 tidbits the Slasher (level 5, -11/36 HPs)
             Began as a High Elf Wanderer on Oct 29, 2017.
             Engulfed by a cloud of flame (23 damage)
             ... on level 3 of the Dungeon.
             The game lasted 00:04:32 (480 turns).

tidbits the Slasher (High Elf Wanderer)              Turns: 480, Time: 00:04:33

Health: -11/36     AC:  6    Str: 11    XL:     5   Next: 4%
Magic:  6/6        EV: 11    Int: 13    God:
Gold:   75         SH:  0    Dex: 18    Spells: 0 memorised, 4 levels left

rFire  . . .     SeeInvis .     a - +0 falchion
rCold  . . .     Gourm    .     B - +0 scale mail (curse)
rNeg   . . .     Faith    .     (no shield)
rPois  .         Spirit   .     (no helmet)
rElec  .         Reflect  .     (no cloak)
rCorr  .         Harm     .     (no gloves)
MR     .....                    (no boots)
Stlth  +.........               (no amulet)
                                (no ring)
                                (no ring)

@: no status effects
A: no striking features
a: no special abilities


You were on level 3 of the Dungeon.
You were not hungry.

You visited 1 branch of the dungeon, and saw 3 of its levels.

You collected 75 gold pieces.

Inventory:

Hand Weapons
 a - a +0 falchion (weapon)
 b - a +2 blowgun
 o - a +3 quarterstaff
   (You found it on level 2 of the Dungeon)
Missiles
 c - 4 curare-tipped needles
 m - 36 sling bullets
Armour
 e - a +0 robe
 n - a +0 ring mail
   (You found it on level 2 of the Dungeon)
 r - a +0 buckler
   (You found it on level 3 of the Dungeon)
 B - a cursed +0 scale mail (worn)
   (You found it on level 2 of the Dungeon)
Scrolls
 g - 3 scrolls of identify {unknown}
 h - a scroll of remove curse {unknown}
 i - a scroll of magic mapping {unknown}
 k - a scroll of noise {unknown}
 p - a scroll of recharging {unknown}
 q - a scroll of random uselessness {unknown}
 s - a scroll of enchant weapon {unknown}
Potions
 d - 2 potions of lignification
 l - 3 potions of haste {unknown}
Comestibles
 f - a bread ration
 j - a beef jerky


   Skills:
 + Level 3.3 Fighting
 * Level 4.6 Long Blades
   Level 1.0 Polearms
 - Level 2.0 Throwing
 - Level 4.3 Dodging
 - Level 2.5 Stealth


You had 4 spell levels left.
You didn't know any spells.

Dungeon Overview and Level Annotations

Branches:
Dungeon (3/15)

Altars:
Vehumet

Annotations:
D:3 1 exclusion


Message History

a curare-tipped needle; a robe; the human corpse of Jessica
c - 2 curare-tipped needles (gained 1)
You see here a curare-tipped needle.
c - 3 curare-tipped needles (gained 1)
You see here a scroll labeled ZELLIBULUC.
q - a scroll labeled ZELLIBULUC You see here a curare-tipped needle.
c - 4 curare-tipped needles (gained 1)
You see here a potion of lignification.
d - 2 potions of lignification (gained 1)
You hear the slow rusting of a drain nearby.
A kobold comes into view.
The kobold shouts!
A bat and an orc priest come into view.
The orc priest shouts!
The bat moves out of view.
An orc comes into view. It is wielding a hand axe.
Press: ? - help, v - describe, . - travel The floor.
Placed new exclusion.
Reduced exclusion size to a single square.
The orc shouts!
An orc wizard comes into view. It is wielding a dagger.
The orc wizard shouts!
The kobold hits you but does no damage.
Found a scroll labeled ZELLIBULUC.
You miss the kobold. The kobold hits you.
You closely miss the kobold. The kobold hits you but does no damage.
The kobold barely misses you.
You closely miss the kobold. The kobold hits you.
You hit the kobold.
You kill the kobold!
Your scale mail prevents you from hitting the orc.
The orc barely misses you.
You riposte.
You slash the orc!
You kill the orc!
The orc priest begins to cast a cantrip, but forgets the words!
Wield which item (- for none, * to show all)? (? for menu, Esc to quit)
b - a +2 blowgun (weapon)
Firing (i - inventory):
c - 4 curare-tipped needles (quivered)
Press: ? - help, Shift-Dir - straight line, f - orc priest
Aim: an orc priest, wielding a whip You shoot a curare-tipped needle.
The curare-tipped needle hits the orc priest.
The orc priest is poisoned.
The orc priest convulses.
The orc priest seems to slow down.
The orc priest is heavily wounded.
Wield which item (- for none, * to show all)? (? for menu, Esc to quit)
a - a +0 falchion (weapon)
You barely miss the orc priest.
The orc priest is severely wounded.
The orc priest hits you with a whip.
You hit the orc priest.
The orc priest is almost dead.
You kill the orc priest!
Your Long Blades skill increases to level 4!
Wield which item (- for none, * to show all)? (? for menu, Esc to quit)
b - a +2 blowgun (weapon)
The orc wizard closely misses you.
Firing (i - inventory):
c - 3 curare-tipped needles (quivered)
Press: ? - help, Shift-Dir - straight line, f - orc wizard
Aim: an orc wizard, wielding a dagger and wearing a robe You shoot a curare-tipped needle.
The curare-tipped needle hits the orc wizard.
The orc wizard is poisoned.
The orc wizard convulses.
The orc wizard seems to slow down.
The orc wizard is severely wounded.
Wield which item (- for none, * to show all)? (? for menu, Esc to quit)
a - a +0 falchion (weapon)
The orc wizard hits you but does no damage.
You hit the orc wizard.
The orc wizard is almost dead.
The orc wizard gestures at you while chanting.
The magic dart hits you!
You hit the orc wizard.
You kill the orc wizard!
You have reached level 5!
Items here: ( ))) [ †††
c - 3 curare-tipped needles (gained 1)
Found a scroll labeled OSOKEO ERIF.
Found a radiant altar of Vehumet.
You see here a curare-tipped needle.
c - 4 curare-tipped needles (gained 1)
Found a buckler and a scroll labeled XOICRY QOUSUO.
Items here: ))) [ †††
Found a hand axe.
A goblin comes into view.
The goblin shouts!
Really walk into a travel-excluded area?
You see here a buckler.
r - a buckler You hit the goblin.
The goblin is severely wounded.
The goblin barely misses you.
You riposte.
You hit the goblin.
You kill the goblin!
You are engulfed in roaring flames.
* * * LOW HITPOINT WARNING * * *
You see here a scroll labeled XOICRY QOUSUO.
s - a scroll labeled XOICRY QOUSUO You are engulfed in roaring flames.
Ouch! That really hurt!
You die...

#......##...........
#...................
##......##)#.........
#.......##.#.........
#.?.....#..#.........
#.§§....#.##.........
#..§..###.##.........
#§..§.##..##.........
#...@....###.........
####..)?.# #.........
##......##########
#....#..# #....##...
###### ####


There were no monsters in sight!

Vanquished Creatures
  An orc priest (D:3)
  An orc wizard (D:3)
  Jessica (D:3)
  3 adders (D:2)
  An ooze (D:3)
  2 dart slugs
  A leopard gecko (D:2)
  An orc (D:3)
  A bat (D:2)
  A giant cockroach (D:2)
  2 hobgoblins
  A ball python (D:2)
  3 frilled lizards (D:2)
  3 goblins
  3 kobolds
  5 rats (D:2)
30 creatures vanquished.

Vanquished Creatures (others)
  A bat (D:3)
1 creature vanquished.

Grand Total: 31 creatures vanquished

Notes
Turn   | Place    | Note
-------+----------+-------------------------------------------
     0 | D:1      | tidbits the High Elf Wanderer began the quest for the Orb.
     0 | D:1      | tidbits set off with: 4 curare-tipped needles, a +2 blowgun, a +0 falchion, a potion of lignification, a +0 robe, a bread ration
     0 | D:1      | Reached XP level 1. HP: 16/16 MP: 2/2
   113 | D:2      | Reached skill level 1 in Long Blades
   113 | D:2      | Reached skill level 1 in Stealth
   113 | D:2      | Reached XP level 2. HP: 21/21 MP: 3/3
   164 | D:2      | Reached skill level 2 in Long Blades
   239 | D:2      | Reached XP level 3. HP: 21/26 MP: 4/4
   332 | D:2      | Reached skill level 3 in Long Blades
   332 | D:2      | Reached skill level 2 in Stealth
   387 | D:3      | Noticed Jessica
   396 | D:3      | Killed Jessica
   396 | D:3      | Reached XP level 4. HP: 30/31 MP: 5/5
   454 | D:3      | Reached skill level 4 in Long Blades
   459 | D:3      | Reached XP level 5. HP: 19/36 MP: 6/6
   462 | D:3      | Found a radiant altar of Vehumet.
   480 | D:3      | Engulfed by a cloud of flame

Skill      XL: |  1  2  3  4 |
---------------+-------------+-----
Long Blades    | 1 2 3 4 |  4.6
Stealth        | 1 2 |  2.5
Fighting       | |  3.3
Polearms       | |  1.0
Throwing       | |  2.0
Dodging        | |  4.3

Action                   |  1- 3 |  4- 6 || total
-------------------------+-------+-------++-------
Melee: Falchion          |    39 |    28 ||    67
 Fire: Blowgun           |     6 |     2 ||     8
Armor: Scale mail        |    11 |    10 ||    21
Dodge: Dodged            |    24 |    13 ||    37
       Rpst.: Falchion   |     8 |     2 ||    10

Table legend:
 A = Turns spent in this place as a percentage of turns spent in the entire game.
 B = Non-inter-level travel turns spent in this place as a percentage of non-inter-level travel turns spent in the entire game.
 C = Inter-level travel turns spent in this place as a percentage of turns spent in this place.
 D = Turns resting spent in this place as a percentage of non-inter-level travel turns spent in this place.
 E = Turns spent auto-exploring this place as a percentage of non-inter-level travel turns spent in this place.
 F = Non-inter-level travel turns spent in this place divided by the number of levels of this place that you've seen.
                   A       B       C       D       E      F
               +-------+-------+-------+-------+-------+----------------------
         Total | 100.0 | 100.0 |   0.0 |   0.0 |   0.0 | 152.0
       Dungeon | 100.0 | 100.0 |   0.0 |   0.0 |   0.0 | 152.0
               +-------+-------+-------+-------+-------+----------------------

Table legend:
 A = Kills in this place as a percentage of kills in entire the game.
 B = Kills by you in this place as a percentage of kills by you in the entire game.
 C = Kills by friends in this place as a percentage of kills by friends in the entire game.
 D = Other kills in this place as a percentage of other kills in the entire game.
 E = Experience gained in this place as a percentage of experience gained in the entire game.
 F = Experience gained in this place divided by the number of levels of this place that you have seen.
                   A       B       C       D       E      F
               +-------+-------+-------+-------+-------+----------------------
         Total | 100.0 | 100.0 |  -nan |  -nan | 100.0 |  68.0
       Dungeon | 100.0 | 100.0 |  -nan |  -nan | 100.0 |  68.0
               +-------+-------+-------+-------+-------+----------------------

Vault maps used:
D:1:      scummos_arrival_forest
D:2:      minmay_door_path, marbit_many_paths, first_bread, uniq_sigmund
D:3:      fiery_altar_vehumet, gup_sewer_entry_bubbles, uniq_crazy_yiuf_cottage,
          uniq_jessica
